 Dungeon Crawl Stone Soup version 0.31.0-32-g396128a36d (webtiles) character file.

Game seed: 10544659611911972948

1073 PaiMei the Grave Robber (level 8, -5/54 (62) HPs)
             Began as a Demonspawn Necromancer on Mar 25, 2024.
             Slain by a wight
             ... wielding a +1 great sword of flaming
              (7 damage)
             ... on level 5 of the Dungeon.
             The game lasted 00:10:22 (5371 turns).

PaiMei the Grave Robber (Demonspawn Necromancer)    Turns: 5371, Time: 00:10:23

HP:   -5/54 (62)    AC:  7    Str:  9    XL:     8   Next: 7%
MP:   15/15         EV: 13    Int: 18    God:
Gold: 200           SH:  0    Dex: 13    Spells: 3/16 levels left

rFire   . . .        p - +2 falchion (venom)
rCold   . . .        (no shield)
rNeg    . . .        t - +0 leather armour
rPois   .            (no helmet)
rElec   .            x - +0 cloak
rCorr   .            o - +0 pair of gloves
SInv    .            y - +0 pair of boots
Will    .....        g - amulet of magic regeneration
Stlth   ++           (no ring)
HPRegen 0.29/turn    (no ring)
MPRegen 0.54/turn

%: no passive effects
@: heavily drained
A: rugged brown scales 1, powered by death 1, demonic magic 2
a: no special abilities


You were on level 5 of the Dungeon.
You visited 1 branch of the dungeon, and saw 5 of its levels.

You collected 200 gold pieces.

Inventory:

Hand Weapons
 p - a +2 falchion of venom (weapon)
Missiles
 k - 6 poisoned darts (quivered)
Armour
 o - a +0 pair of gloves (worn)
 t - a +0 leather armour (worn)
 x - a +0 cloak (worn)
 y - a +0 pair of boots (worn)
Jewellery
 g - an amulet of magic regeneration (around neck)
 q - an amulet of faith
 w - an amulet of regeneration
Scrolls
 a - a scroll of noise {unknown}
 e - 3 scrolls of enchant weapon {unknown}
 f - a scroll of fog {unknown}
 i - a scroll of poison {unknown}
 j - 2 scrolls of amnesia {unknown}
 m - 6 scrolls of identify {unknown}
 r - 2 scrolls of fear {unknown}
 u - a scroll of butterflies {unknown}
Potions
 b - 3 potions of magic
 d - 2 potions of brilliance {unknown}
 h - 3 potions of enlightenment {unknown}
 l - 2 potions of curing {unknown}
 n - 3 potions of heal wounds {unknown}
 s - a potion of resistance {unknown}
 v - a potion of degeneration {unknown}


   Skills:
 + Level 4.3 Fighting
 + Level 4.6 Dodging
 - Level 2.0 Stealth
 + Level 4.6 Spellcasting
 + Level 6.8 Necromancy


You had 3 spell levels left.
You knew the following spells:

 Your Spells              Type           Power      Damage    Failure   Level
a - Necrotise             Necr           100%       1d9       1%          1
b - Vampiric Draining     Necr           28%        2d8       3%          3
c - Animate Dead          Necr           28%        N/A       12%         4
d - Curse of Agony        Necr           28%        N/A       32%         5

Your spell library contained the following spells:

 Spells                   Type           Power      Damage    Failure   Level
 Cigotuvi's Dreadful Rot  Necr/Alch/Air  24%        N/A       12%         2
 Summon Small Mammal      Summ           16%        N/A       19%         1
 Scorch                   Fire           8%         2d5       28%         2
 Hailstorm                Conj/Ice       4%         3d5       50%         3
 Flame Wave               Conj/Fire      4%         2d5       88%         4
 Ignite Poison            Fire/Alch      4%         N/A       88%         4
 Summon Lightning Spire   Summ/Air       4%         N/A       88%         4
 Freezing Cloud           Conj/Ice/Air   2%         6-21      99%         5
 Summon Cactus Giant      Summ           2%         N/A       100%        6


Dungeon Overview and Level Annotations

Branches:
Dungeon (5/15)
 Temple: D:4-7

Altars:


Innate Abilities, Weirdness & Mutations

You are partially covered in rugged brown scales. (AC +1, +3% HP)
You regenerate a little health from kills.
Spells you cast may paralyse nearby enemies.


Message History

Your bat skeleton hits the bat but does no damage.
You swap places.
The bat hits you but does no damage.
Your bat skeleton hits the bat.
Your bat skeleton hits the bat but does no damage.
The bat hits your bat skeleton.
Your bat skeleton hits the bat. x2
The bat dies!
You see here a bat corpse.
You start waiting.
Your bat skeleton crumbles into dust! x3
Done waiting.
You start waiting.
A wight is nearby!
A wight is nearby!
A wight is nearby!
Found 13 gold pieces.
You see here 13 gold pieces.
You hit the wight but do no damage. The wight hits you with a +0 hand axe!
You feel drained.
You hit the wight.
The wight is lightly damaged.
The wight barely misses you. The wight hits you with a +0 hand axe.
You feel drained.
You hit the wight but do no damage.
The wight is lightly damaged.
The wight hits you with a +0 hand axe.
You closely miss the wight.
The wight is lightly damaged.
The wight hits you with a +0 hand axe.
You feel drained.
You hit the wight but do no damage. The wight hits you with a +0 hand axe!
The wight hits you with a +0 hand axe.
You feel drained.
You closely miss the wight. The wight hits you but does no damage.
You hit the wight but do no damage. The wight hits you with a +0 hand axe!
The wight hits you with a +1 great sword of flaming!
* * * LOW HITPOINT WARNING * * *
You feel drained. The wight burns you.
* * * LOW HITPOINT WARNING * * *
The wight barely misses you. The wight attacks as it pursues you!
The wight hits you with a +1 great sword of flaming!
You die...

#####.###.........#
##...## ##.....##
#...†...# ##.....##
##...## #.###
#z.#### #@....#
#zz...# #.....#
#.....# #.....#
#..$..# #.....#
#.....# +.....#


You could see 3 wights.

Vanquished Creatures
  Edmund (D:4)
  2 black bears
  An ice beast (D:5)
  2 ogres (D:4)
  A sky beast (D:4)
  A howler monkey (D:4)
  A bombardier beetle (D:5)
  A jelly (D:5)
  A gnoll bouda (D:4)
  An iguana (D:3)
  An orc wizard (D:4)
  2 hound zombies (D:3)
  2 hound skeletons (D:3)
  3 gnolls (D:4)
  4 adders
  An adder zombie (D:3)
  2 dart slugs
  A ribbon worm (D:2)
  An orc (D:3)
  9 ball pythons
  14 bats
  3 endoplasms
  6 giant cockroaches
  12 goblins
  9 hobgoblins
  6 jackals
  4 kobolds
  3 quokkas
  A ball python skeleton (D:3)
  A ball python zombie (D:3)
  4 frilled lizards
  6 rats
107 creatures vanquished.

Vanquished Creatures (collateral kills)
  An adder (D:2)
  4 bats
  A hobgoblin (D:2)
  A frilled lizard (D:2)
  A rat (D:3)
8 creatures vanquished.

Grand Total: 115 creatures vanquished

Notes
Turn   | Place    | Note
-------+----------+-------------------------------------------
     0 | D:1      | PaiMei the Demonspawn Necromancer began the quest for the
                  | Orb.
     0 | D:1      | Reached XP level 1. HP: 13/13 MP: 3/3
   277 | D:1      | Gained mutation: Spells you cast may paralyse adjacent
                  | enemies. [demonic ancestry]
   277 | D:1      | Reached XP level 2. HP: 19/19 MP: 3/5
  1032 | D:1      | Gained mutation: You regenerate a little health from kills.
                  | [demonic ancestry]
  1032 | D:1      | Reached XP level 3. HP: 25/25 MP: 4/6
  1302 | D:2      | Learned a level 3 spell: Vampiric Draining
  1528 | D:2      | Got Ipysheuh's Guide on the Assembled Blizzard
  1573 | D:2      | Reached skill level 1 in Fighting
  2454 | D:3      | Reached XP level 4. HP: 32/32 MP: 5/7
  2469 | D:3      | Learned a level 4 spell: Animate Dead
  2578 | D:3      | Reached skill level 5 in Necromancy
  2786 | D:3      | Found a faded altar of an unknown god.
  3003 | D:3      | Gained mutation: Spells you cast may paralyse nearby
                  | enemies. [demonic ancestry]
  3003 | D:3      | Reached XP level 5. HP: 38/38 MP: 3/9
  3410 | D:4      | Noticed an ogre
  3419 | D:4      | Killed an ogre
  3420 | D:4      | Gained mutation: You are partially covered in rugged brown
                  | scales. (AC +1, +3% HP) [demonic ancestry]
  3420 | D:4      | Reached XP level 6. HP: 39/47 MP: 4/11
  3904 | D:4      | Noticed a sky beast
  3911 | D:4      | Killed a sky beast
  3912 | D:4      | Reached skill level 6 in Necromancy
  3912 | D:4      | Reached XP level 7. HP: 53/53 MP: 4/12
  4184 | D:4      | Noticed Edmund
  4196 | D:4      | Killed Edmund
  5013 | D:4      | Learned a level 5 spell: Curse of Agony
  5014 | D:5      | Entered Level 5 of the Dungeon
  5164 | D:5      | Reached XP level 8. HP: 49/61 MP: 8/15
  5368 | D:5      | HP: 1/54 [wight/+1 great sword of flaming (6)]
  5371 | D:5      | Slain by a wight

Illustrated notes

Levels and vault maps discovered:
D:1:      grunt_arrival_crossed_arrows, layout_basic, minmay_domino_2
D:2:      layout_basic
D:3:      minmay_chambers_of_twos, layout_basic, serial_undead, serial_undead_a,
          serial_undead_d, serial_undead_f, serial_undead_f,
          basic_ecumenical_altar
D:4:      minmay_inner_zag, layout_basic, elyvilon_altar_4, uniq_edmund
D:5:      layout_basic, roderic_batcave, minmay_fire_ice_demons

Skill      XL: |  1  2  3  4  5  6  7 |
---------------+----------------------+-----
Stealth        | 2 |  2.0
Dodging        | 2 3 4 |  4.6
Fighting       | 1 2 3 4 |  4.3
Necromancy     | 5 6 |  6.8
Spellcasting   | 3 4 |  4.6

Action                     |  1- 3 |  4- 6 |  7- 9 || total
---------------------------+-------+-------+-------++-------
  Melee: Rapier            |     5 |       |       ||     5
         Falchion          |       |    48 |    31 ||    79
   Cast: Necrotise         |    88 |    37 |    50 ||   175
         Vampiric Draining |       |    11 |    12 ||    23
   Stab: Paralysed         |     2 |     5 |    11 ||    18
 Armour: Robe              |    18 |    43 |       ||    61
         Leather armour    |       |     8 |    38 ||    46
  Dodge: Dodged            |    22 |    38 |    26 ||    86
